 Dungeon Crawl Stone Soup version 0.26-a0-652-gafc20e3620 (webtiles) character file.

Game seed: 17126110250308321564

1446 grandjackal the Skirmisher (level 8, -9/71 HPs)
             Began as a Yellow Draconian Hedge Wizard on Oct 2, 2020.
             Mangled by an orc warrior
             ... wielding a +0 halberd
              (15 damage)
             ... on level 6 of the Dungeon.
             The game lasted 00:14:00 (7650 turns).

grandjackal the Skirmisher (DrWz)                   Turns: 7650, Time: 00:14:01

Health: -9/71      AC: 10    Str: 14    XL:     8   Next: 46%
Magic:  12/12      EV: 14    Int: 16    God:
Gold:   410        SH:  0    Dex: 10    Spells: 4/13 levels left

rFire    . . .     SeeInvis .   q - +0 trident
rCold    . . .     Faith    .   (no shield)
rNeg     . . .     Spirit   .   (armour unavailable)
rPois    .         Reflect  .   b - +0 hat
rElec    .         Harm     .   u - +0 cloak
rCorr    +         Rampage  .   (no gloves)
MR       .....                  r - +2 pair of boots
Stlth    +++.......             (no amulet)
HPRegen  0.21/turn              o - ring of stealth
MPRegen  0.13/turn              (no ring)

@: short of breath
A: spit acid, unfitting armour, cold-blooded, acid resistance, AC +6
a: Breathe Acid


You were on level 6 of the Dungeon.
You visited 1 branch of the dungeon, and saw 6 of its levels.

You collected 410 gold pieces.

Inventory:

Hand Weapons
 a - a +0 dagger
 q - a +0 trident (weapon)
Missiles
 p - a throwing net (quivered)
Armour
 b - a +0 hat (worn)
 r - a +2 pair of boots (worn)
 u - a +0 cloak (worn)
Jewellery
 o - a ring of stealth (left hand)
 t - an uncursed ring of resist corrosion {unknown}
Wands
 m - a wand of paralysis (21)
Scrolls
 d - 4 scrolls of teleportation
 e - a scroll of amnesia {unknown}
 g - 4 scrolls of remove curse {unknown}
 i - a scroll of enchant weapon {unknown}
 j - a scroll of fear {unknown}
 k - 2 scrolls of fog {unknown}
 s - 3 scrolls of random uselessness {unknown}
Potions
 c - 2 potions of curing
 f - 2 potions of flight
 h - a potion of magic
 l - a potion of stabbing
 n - a potion of heal wounds {unknown}


   Skills:
 + Level 6.4 Fighting
 + Level 5.8 Dodging
 - Level 1.7 Stealth
 - Level 3.0 Spellcasting
 + Level 6.1 Conjurations
   Level 1.0 Summonings
 - Level 1.0 Translocations


You had 4 spell levels left.
You knew the following spells:

 Your Spells              Type           Power        Failure   Level
a - Magic Dart            Conj           ###.         1%          1
b - Blink                 Tloc           N/A          19%         2
c - Mephitic Cloud        Conj/Pois/Air  #.......     24%         3
d - Conjure Flame         Conj/Fire      ##......     16%         3

Your spell library contained the following spells:

 Spells                   Type           Power        Failure   Level
 Call Imp                 Summ           #.......     19%         2
 Slow                     Hex            #.......     28%         2


Dungeon Overview and Level Annotations

Branches:
Dungeon (6/15)
 Temple: D:4-7

Altars:
Hepliaklqana
Kikubaaqudgha
Nemelex Xobeh
Qazlal
Ru
Sif Muna
Xom
Yredelemnul
Zin

Annotations:
D:3 1 runed translucent door, Grinder
D:4 2 transporters, Eustachio; FTG82's ghost, novice GnFi


Innate Abilities, Weirdness & Mutations

You can spit globs of acid.
Your golden yellow scales are hard. (AC +6)
You cannot fit into any form of body armour.
You are cold-blooded and may be slowed by cold attacks.
You are resistant to acid. (rCorr)


Message History

You reach to attack!
You barely miss the orc warrior.
The orc warrior is almost dead.
The orc warrior barely misses you.
The orc warrior hits you from afar with a +0 halberd!
You reach to attack!
You closely miss the orc warrior.
The orc warrior is severely wounded.
The orc warrior hits you from afar with a +0 halberd!
You reach to attack!
You barely miss the orc warrior.
The orc warrior is severely wounded.
A jackal comes into view.
The orc warrior completely misses you.
You reach to attack!
You closely miss the orc warrior.
The orc warrior is severely wounded.
The orc warrior hits you from afar with a +0 halberd!!
You are too injured to fight recklessly!
The orc warrior is no longer covered in acid.
The orc warrior hits you from afar with a +0 halberd!
* * * LOW HITPOINT WARNING * * *
The orc warrior hits you from afar with a +0 halberd!
You die...

#.......#########............
######'## #............ #.#
#............
#.##########............
#.......................
#.......................
#.......................
#.......####............
#......@# #........ #.......#
#........ #....)ho# #........
#.......# ##........
#.......# #.....####
#.......###.....# ######
#...............# .....#
#...............# .....#
#+#####.........# .....#


You could see an orc warrior and a jackal.

Vanquished Creatures
  Prince Ribbit (D:5)
  Duvessa (D:5)
  An ice beast (D:6)
  A phantom (D:4)
  4 ogres
  A centaur (D:6)
  A bullfrog (D:6)
  Dowan (D:5)
  A scorpion (D:6)
  A jelly (D:6)
  A bullfrog skeleton (D:6)
  Terence (D:2)
  3 orc wizards
  4 worker ants
  A hound skeleton (D:4)
  3 gnolls (D:5)
  3 adders
  A white imp (D:6)
  An adder skeleton (D:5)
  2 worms (D:3)
  A dart slug (D:1)
  3 leopard geckos
  10 orcs
  4 giant cockroaches
  6 hobgoblins
  9 jackals
  3 quokkas
  2 bats (D:1)
  5 frilled lizards
  3 goblins
  A goblin skeleton (D:3)
  A jackal skeleton (D:6)
  10 kobolds
  A kobold skeleton (D:3)
  3 rats
95 creatures vanquished.

Notes
Turn   | Place    | Note
-------+----------+-------------------------------------------
     0 | D:1      | grandjackal the Draconian Hedge Wizard began the quest for
                  | the Orb.
     0 | D:1      | Reached XP level 1. HP: 14/14 MP: 4/4
   462 | D:1      | Reached XP level 2. HP: 10/22 MP: 3/6
   796 | D:1      | Reached skill level 1 in Fighting
  1635 | D:2      | Noticed Terence
  1816 | D:2      | Found a sacrificial altar of Ru.
  1861 | D:2      | Found a shimmering blue altar of Sif Muna.
  2225 | D:1      | Learned a level 2 spell: Blink
  2287 | D:2      | Reached XP level 3. HP: 27/28 MP: 2/7
  2507 | D:2      | Learned a level 3 spell: Mephitic Cloud
  2537 | D:2      | Killed Terence
  2844 | D:3      | Found a runed translucent door.
  2844 | D:3      | Noticed a human
  2910 | D:3      | Found a basalt altar of Yredelemnul.
  2934 | D:3      | Reached XP level 4. HP: 19/36 MP: 1/8
  3179 | D:2      | Learned a level 3 spell: Conjure Flame
  3302 | D:3      | Noticed an ogre
  3878 | D:3      | Noticed Grinder
  3919 | D:3      | Found a glowing silver altar of Zin.
  4194 | D:3      | Killed an ogre
  4194 | D:3      | Reached XP level 5. HP: 31/45 MP: 0/9
  4525 | D:3      | Found a stormy altar of Qazlal.
  4902 | D:4      | Noticed an ogre
  5156 | D:4      | Found a hazy altar of Hepliaklqana.
  5157 | D:4      | Found an ancient bone altar of Kikubaaqudgha.
  5205 | D:4      | Found a transporter.
  5206 | D:4      | Noticed FTG82's ghost (novice GnFi)
  5206 | D:4      | Noticed an ogre
  5206 | D:4      | Noticed an ogre
  5207 | D:4      | Found a transporter.
  5273 | D:4      | Noticed a phantom
  5375 | D:4      | Reached XP level 6. HP: 33/51 MP: 4/10
  5559 | D:4      | Noticed Eustachio
  5933 | D:5      | Entered Level 5 of the Dungeon
  5947 | D:5      | Your scales start taking on a golden yellow colour.
  5947 | D:5      | Reached XP level 7. HP: 37/60 MP: 5/11
  5947 | D:5      | Gained mutation: You are resistant to acid. (rCorr) [Yellow
                  | Draconian growth]
  6313 | D:5      | Found a sparkling altar of Nemelex Xobeh.
  6329 | D:5      | Noticed Duvessa
  6329 | D:5      | Noticed Dowan
  6354 | D:5      | Killed Duvessa
  6368 | D:5      | Killed Dowan
  6368 | D:5      | Reached skill level 5 in Fighting
  6703 | D:5      | Noticed Prince Ribbit
  6722 | D:5      | Killed Prince Ribbit
  6722 | D:5      | Reached skill level 5 in Dodging
  6722 | D:5      | Reached skill level 5 in Conjurations
  6891 | D:5      | Found a shimmering altar of Xom.
  7193 | D:6      | Reached XP level 8. HP: 70/70 MP: 12/12
  7650 | D:6      | Mangled by an orc warrior

Illustrated notes

Levels and vault maps discovered:
D:1:      minmay_arrival_four_circles, layout_basic
D:2:      layout_basic, lemuel_crystal_altar, led_sif_pool,
          corexii_leaking_fountain, minmay_goblin_kobold_house, uniq_terence
D:3:      layout_rooms, lemuel_doored_altar, lemuel_crystal_altar,
          dk_yredelemnul_ordeal, uniq_grinder
D:4:      layout_basic, gammafunk_temple_overflow_statue, gammafunk_ghost_smash,
          chequers_serial_rivers_small_3, uniq_eustachio
D:5:      layout_basic, lemuel_coloured_pillars_altar,
          overflow_temple_1_default, uniq_prince_ribbit1, uniq_duvessa
D:6:      layout_basic, dancing_weapons_uskayaw,
          minmay_temple_entry_stoned_glass, gammafunk_ghost_cemetery

Skill      XL: |  1  2  3  4  5  6  7  8 |
---------------+-------------------------+-----
Dodging        | 2 3 4 5 |  5.8
Fighting       | 1 2 3 4 5 6 |  6.4
Conjurations   | 2 3 4 5 6 |  6.1
Stealth        | |  1.7
Spellcasting   | |  3.0
Summonings     | |  1.0
Translocations | |  1.0

Action                   |  1- 3 |  4- 6 |  7- 9 || total
-------------------------+-------+-------+-------++-------
Melee: Dagger            |   146 |    73 |       ||   219
       Tailslap          |    17 |    22 |     8 ||    47
       Trident           |       |   102 |   141 ||   243
 Cast: Magic Dart        |    75 |    63 |    17 ||   155
       Mephitic Cloud    |     2 |     3 |     4 ||     9
       Conjure Flame     |       |     4 |     3 ||     7
       Blink             |       |     1 |     1 ||     2
 Abil: Breathe Acid      |       |       |     6 ||     6
  Use: Scroll            |     3 |     3 |       ||     6
       Potion            |       |     1 |       ||     1
 Stab: Confused          |     2 |     5 |     2 ||     9
       Sleeping          |       |       |     4 ||     4
Armor: Skin              |    41 |    45 |    31 ||   117
Dodge: Dodged            |   102 |    89 |    86 ||   277

Table legend: (Time is in decaauts)
 A = Elapsed time spent in this place.
 B = Non-inter-level travel time spent in this place.
 C = Inter-level travel time spent in this place.
 D = Time resting spent in this place.
 E = Time spent auto-exploring this place.
 F = Levels seen in this place.
 G = Mean time per level.
                   A        B        C        D        E       F      G
               +--------+--------+--------+--------+--------+-----+--------+
         Total |   7743 |   7480 |    263 |   3418 |   2203 |   6 | 1290.5 |
       Dungeon |   7743 |   7480 |    263 |   3418 |   2203 |   6 | 1290.5 |
               +--------+--------+--------+--------+--------+-----+--------+

Top non-repeatable levels by time:
     D:1: 1775 daAuts
     D:3: 1595 daAuts
     D:2: 1533 daAuts
     D:4: 1303 daAuts
     D:5: 802 daAuts
     D:6: 732 daAuts
